 Dungeon Crawl Stone Soup version 0.30.1-11-g7821555f0a (webtiles) character file.

Game seed: 9945819371283587283

320 andronian the Poker (level 6, 0/46 HPs)
             Began as a Merfolk Gladiator on Nov 26, 2023.
             Killed by nerve-wracking pain
             ... invoked by an orc priest
              (8 damage)
             ... on level 3 of the Dungeon.
             The game lasted 00:03:42 (2388 turns).

andronian the Poker (Merfolk Gladiator)             Turns: 2388, Time: 00:03:43

Health: 0/46       AC: 11    Str: 16    XL:     6   Next: 46%
Magic:  6/6        EV:  9    Int:  8    God:
Gold:   101        SH:  0    Dex: 15    Spells: 5/5 levels left

rFire   . . .        a - +0 trident
rCold   . . .        (no shield)
rNeg    . . .        t - +0 chain mail
rPois   .            c - +0 helmet
rElec   .            (no cloak)
rCorr   .            l - +0 pair of gloves
SInv    .            (no boots)
Will    .....        (no amulet) Stlth
                     (no ring)
HPRegen 0.27/turn    (no ring)
MPRegen 0.10/turn

%: no passive effects
@: flying
A: (nimble swimmer 2), mertail
a: no special abilities


You were on level 3 of the Dungeon.
You visited 1 branch of the dungeon, and saw 3 of its levels.

You collected 101 gold pieces.

Inventory:

Hand Weapons
 a - a +0 trident (weapon)
 s - a +0 scythe
Missiles
 d - 2 throwing nets (quivered)
 e - a javelin
Armour
 c - a +0 helmet (worn)
 l - a +0 pair of gloves (worn)
 o - a +0 ring mail
 t - a +0 chain mail (worn)
Jewellery
 r - a ring of magical power
Wands
 u - a wand of flame (13)
Scrolls
 b - a scroll of magic mapping {unknown}
 f - a scroll of noise
 i - a scroll of blinking
 j - a scroll of teleportation {unknown}
 k - a scroll of poison {unknown}
 p - a scroll of identify {unknown}
Potions
 g - a potion of flight
 h - a potion of attraction {unknown}
 m - 2 potions of haste {unknown}
 n - 3 potions of might {unknown}
 q - a potion of ambrosia {unknown}


   Skills:
 - Level 2.8 Fighting
 * Level 5.3 Polearms
 - Level 2.0 Throwing
 + Level 3.9 Armour
 - Level 4.0 Dodging


You had 5 spell levels left.
You didn't know any spells.
Your spell library contained the following spells:

 Spells                   Type           Power      Damage    Failure   Level
 Kiss of Death            Conj/Necr      0%         2d5       99%         1
 Poisonous Vapours        Pois/Air       0%         N/A       100%        2
 Confusing Touch          Hex            0%         N/A       100%        3
 Mephitic Cloud           Conj/Pois/Air  0%         N/A       100%        3
 Portal Projectile        Hex/Tloc       0%         N/A       100%        3
 Tukima's Dance           Hex            0%         N/A       100%        3
 Dispel Undead            Necr           0%         3d6       100%        4
 Blade Hands              Tmut           0%         N/A       100%        5
 Freezing Cloud           Conj/Ice/Air   0%         6-21      100%        5


Dungeon Overview and Level Annotations

Branches:
Dungeon (3/15)

Altars:

Annotations:
D:3 Grinder


Innate Abilities, Weirdness & Mutations

((You are very nimble when in or above water. (Stealth+, EV+, Speed+++)))
Your lower body shifts to a powerful aquatic tail in water.


Message History

You hit the orc priest.
The orc priest is lightly wounded.
The orc priest barely misses you.
The orc priest invokes the aid of Beogh against you.
Beogh smites you!
You completely miss the orc priest.
The orc priest is lightly wounded.
The orc priest hits you but does no damage.
The orc priest calls down the wrath of Beogh upon you.
Pain shoots through your body!
You closely miss the orc priest.
The orc priest is lightly wounded.
The orc priest looks braver for a moment.
The orc priest calls upon Beogh to heal the orc priest.
The orc priest's wounds heal themselves!
You hit the orc priest.
The orc priest is lightly wounded.
The orc priest hits you but does no damage.
You barely miss the orc priest.
The orc priest is lightly wounded.
The orc priest closely misses you.
The orc priest hits you but does no damage.
You hit the orc priest.
The orc priest is moderately wounded.
The orc priest invokes the aid of Beogh against you.
Pain shoots through your body!
The orc priest invokes the aid of Beogh against you.
Beogh smites you!
* * * LOW HITPOINT WARNING * * *
You barely miss the orc priest.
The orc priest is moderately wounded.
The orc priest hits you with a +0 club.
* * * LOW HITPOINT WARNING * * *
The orc priest hits you but does no damage.
It was a potion of flight.
You feel very buoyant.
You fly up into the air.
The orc priest completely misses you.
The orc priest calls down the wrath of Beogh upon you.
Pain shoots through your body!
You die...

#.##...รท#....o...........
#.##....###.#.#..........
#.##....###.#.##<####.##.
..##........#.##.###
####...####.#.##...# ##.
#...# #.#.##.####....
####...####.#.##........#
..........#.#.##o......(#
..........### #@o......#
..........# #.##.########
..........###.)>.##
..........+.......##
..........####.....#
..........# #####.#
..........# #.#
..........# #.#
########### #.#


You could see 2 orc priests.

Vanquished Creatures
  Sigmund (D:3)
  A scorpion (D:2)
  Ijyb (D:3)
  2 adders
  4 dart slugs
  3 worms
  An orc (D:3)
  2 ball pythons (D:2)
  10 endoplasms
  5 giant cockroaches
  5 goblins
  A hobgoblin (D:1)
  2 quokkas (D:1)
  5 bats
  2 frilled lizards
  4 kobolds
  5 rats
54 creatures vanquished.

Notes
Turn   | Place    | Note
-------+----------+-------------------------------------------
     0 | D:1      | andronian the Merfolk Gladiator began the quest for the
                  | Orb.
     0 | D:1      | Reached XP level 1. HP: 16/16 MP: 1/1
   169 | D:1      | Reached XP level 2. HP: 23/23 MP: 2/2
   335 | D:1      | Found a faded altar of an unknown god.
   543 | D:1      | Reached skill level 5 in Polearms
   543 | D:1      | Reached XP level 3. HP: 28/28 MP: 3/3
  1580 | D:3      | Reached skill level 1 in Armour
  1591 | D:3      | Reached XP level 4. HP: 29/34 MP: 4/4
  1839 | D:3      | Noticed Sigmund
  1920 | D:3      | Killed Sigmund
  1921 | D:3      | Reached XP level 5. HP: 35/40 MP: 5/5
  1921 | D:3      | Reached XP level 6. HP: 40/46 MP: 6/6
  1975 | D:3      | Noticed Ijyb
  1996 | D:3      | Killed Ijyb
  2168 | D:3      | Noticed Grinder
  2388 | D:3      | Killed from afar by an orc priest

Illustrated notes

Levels and vault maps discovered:
D:1:      ebering_hopf_link, layout_basic,
          dreamdust_ecumenical_altar_angels_and_demons
D:2:      layout_loops_corners, serial_bayou_crossing
D:3:      layout_basic, mrwooster_statue_mirror, uniq_sigmund, uniq_ijyb,
          uniq_grinder

Skill      XL: |  1  2  3  4 |
---------------+-------------+-----
Polearms       | 5 |  5.3
Armour         | 1 3 |  3.9
Fighting       | |  2.8
Throwing       | |  2.0
Dodging        | |  4.0

Action                     |  1- 3 |  4- 6 || total
---------------------------+-------+-------++-------
  Melee: Trident           |   115 |    84 ||   199
         Punch             |     2 |     1 ||     3
  Throw: Throwing net      |       |     3 ||     3
    Use: Scroll            |       |     2 ||     2
         Potion            |       |     1 ||     1
   Stab: Sleeping          |     4 |       ||     4
         Held in net/web   |       |     1 ||     1
 Armour: Leather armour    |    11 |       ||    11
         Ring mail         |    17 |    20 ||    37
         Chain mail        |       |    11 ||    11
  Dodge: Dodged            |    40 |    35 ||    75
